 Dungeon Crawl Stone Soup version 0.29.1-2-gbd0b4ee654 (webtiles) character file.

Game seed: 17793501409224534157

191 GorkyZ the Magician (level 5, -5/35 HPs)
             Began as a Demonspawn Hedge Wizard on Nov 23, 2022.
             Slain by an orc
             ... wielding a +0 war axe
              (11 damage)
             ... on level 3 of the Dungeon.
             The game lasted 00:13:44 (4118 turns).

GorkyZ the Magician (Demonspawn Hedge Wizard)       Turns: 4118, Time: 00:13:45

Health: -5/35      AC:  2    Str: 10    XL:     5   Next: 42%
Magic:  1/10       EV: 12    Int: 17    God:
Gold:   106        SH:  0    Dex: 13    Spells: 5/11 levels left

rFire   . . .      SeeInvis .   h - +3 dagger (protect)
rCold   . . .      Faith    .   (no shield)
rNeg    . . .      Spirit   .   b - +0 robe
rPois   .          Reflect  .   c - +0 hat
rElec   .          Harm     .   (no cloak)
rCorr   .          Rampage  .   (no gloves)
Will    .....                   (no boots)
Stlth   ++........              (no amulet)
HPRegen 0.11/turn               (no ring)
MPRegen 0.24/turn               (no ring)

@: no status effects
A: demonic guardian 1, magic regeneration, weakness stinger 1
a: no special abilities


You were on level 3 of the Dungeon.
You visited 1 branch of the dungeon, and saw 3 of its levels.

You collected 106 gold pieces.

Inventory:

Hand Weapons
 a - a +0 dagger
 h - a +3 dagger of protection (weapon)
Armour
 b - a +0 robe (worn)
 c - a +0 hat (worn)
Magical Staves
 n - a staff of cold
Wands
 k - a wand of flame (25)
Scrolls
 e - a scroll of silence {unknown}
 f - 3 scrolls of identify
 m - a scroll of teleportation
Potions
 g - a potion of brilliance {unknown}
 i - a potion of attraction
 j - 2 potions of heal wounds {unknown}
 l - 3 potions of curing
 o - a potion of invisibility {unknown}


   Skills:
 + Level 1.6 Armour
 + Level 2.6 Dodging
 - Level 1.7 Stealth
 + Level 3.5 Spellcasting
 + Level 2.1 Conjurations
 + Level 2.1 Summonings
 + Level 2.1 Translocations
 + Level 0.1 Air Magic
 + Level 0.3 Poison Magic


You had 5 spell levels left.
You knew the following spells:

 Your Spells              Type           Power      Damage    Failure   Level
a - Magic Dart            Conj           40%        1d5       7%          1
b - Blink                 Tloc           20%        N/A       11%         2
c - Mephitic Cloud        Conj/Pois/Air  5%         N/A       34%         3

Your spell library contained the following spells:

 Spells                   Type           Power      Damage    Failure   Level
 Call Imp                 Summ           10%        N/A       11%         2
 Slow                     Hex            8%         N/A       17%         1
 Conjure Flame            Conj/Fire      6%         6-21      32%         3


Dungeon Overview and Level Annotations

Branches:
Dungeon (3/15)

Altars:


Innate Abilities, Weirdness & Mutations

A weak demonic guardian rushes to your aid.
You regenerate magic rapidly.
You have a small tail.


Message History

Your quasit misses the orc.
Casting: Blink (safe; 11% risk of failure)
Confirm with . or Enter, or press ? or * to list all spells.
You are still too unstable to blink.
The orc attacks as you move away! The orc closely misses you.
You feel stable enough to blink again. The orc attacks as you move away!
The orc closely misses you.
The magic dart hits the orc.
The orc is heavily wounded.
The orc hits you with a +0 flail. The orc hits you with a +0 club.
The magic dart hits the orc.
The orc is severely wounded.
Your quasit closely misses the orc. x2
Your quasit claws the orc but does no damage.
The orc barely misses you. The orc closely misses you. The orc misses you.
The magic dart hits the orc but does no damage.
The orc is severely wounded.
The orc closely misses you. The orc hits you but does no damage.
The orc hits you with a +0 war axe. The orc barely misses your quasit.
The magic dart hits the orc but does no damage.
The orc is severely wounded.
Your quasit bites the orc but does no damage.
Your quasit claws the orc.
Your quasit claws the orc but does no damage.
The orc barely misses you. The orc closely misses you.
The orc barely misses you. The orc barely misses your quasit.
The orc barely misses you.
The magic dart hits the orc but does no damage.
The orc is severely wounded.
Your quasit barely misses the orc.
Your quasit misses the orc.
Your quasit claws the orc but does no damage.
The orc hits you with a +0 flail!
* * * LOW HITPOINT WARNING * * *
The orc hits you with a +0 club.
* * * LOW HITPOINT WARNING * * *
A demonic guardian appears!
Your quasit bites the orc but does no damage.
Your quasit claws the orc but does no damage. x2
The orc hits you with a +0 war axe!
You die...

#.#..######...# ..#.#
######[#..#......#.########.#.
#..........................#.#
+.....>...#..5..#####.....#.#.
#......#..#.........+.....+#.#
.....####..#'#########.....#.#.
#............5....####.....'#.#
#............ooo..#........#...
#............o@...#.....####''#
#.....#'#....5....#....##§≈≈..≈
#.....#.##......##...####§§≈.§§
#.....#.#...)....+...####§≈§.§≈
#.....#'#...###)##...##.'.§.§.≈
#...##......# #.##...#..'.§≈.§.
#...##......# #.##...#..#≈§≈§.≈
#...##......# #..##'##..#≈≈§..≈
#...##......# ##..#.##..#≈§≈§.≈


You could see 4 orcs, a friendly quasit (summoned) and a friendly ufetubus
(summoned).

Vanquished Creatures
  Jessica (D:2)
  Natasha (twice) (D:2)
  2 adders
  2 ball pythons (D:1)
  6 endoplasms
  5 giant cockroaches
  8 hobgoblins
  9 jackals
  3 quokkas (D:1)
  A bat (D:3)
  2 frilled lizards
  12 goblins
  7 kobolds
  4 rats
64 creatures vanquished.

Vanquished Creatures (collateral kills)
  Natasha (D:2)
1 creature vanquished.

Grand Total: 65 creatures vanquished

Notes
Turn   | Place    | Note
-------+----------+-------------------------------------------
     0 | D:1      | GorkyZ the Demonspawn Hedge Wizard began the quest for the
                  | Orb.
     0 | D:1      | Reached XP level 1. HP: 13/13 MP: 4/4
    39 | D:1      | Reached skill level 1 in Translocations
   272 | D:1      | Gained mutation: You have a small tail. [demonic ancestry]
   272 | D:1      | Reached XP level 2. HP: 19/19 MP: 3/6
  1591 | D:2      | Gained mutation: A weak demonic guardian rushes to your
                  | aid. [demonic ancestry]
  1591 | D:2      | Reached XP level 3. HP: 23/24 MP: 3/7
  1874 | D:2      | Noticed Jessica
  1882 | D:2      | Killed Jessica
  1883 | D:2      | Reached skill level 1 in Armour
  2145 | D:2      | Gained mutation: You regenerate magic rapidly. [demonic
                  | ancestry]
  2145 | D:2      | Reached XP level 4. HP: 29/30 MP: 3/8
  2401 | D:2      | Noticed Natasha
  2412 | D:2      | Killed Natasha
  2418 | D:2      | Learned a level 2 spell: Blink
  2469 | D:2      | Noticed Natasha
  2477 | D:2      | Killed Natasha
  2487 | D:2      | Noticed Natasha
  2504 | D:2      | Killed Natasha
  2505 | D:2      | Reached XP level 5. HP: 11/35 MP: 1/10
  2935 | D:2      | Learned a level 3 spell: Mephitic Cloud
  4118 | D:3      | Slain by an orc

Illustrated notes

Levels and vault maps discovered:
D:1:      kennysheep_arrival_forest, layout_loops_ring, serial_bayou_pond_e
D:2:      layout_basic, uniq_natasha, uniq_jessica
D:3:      layout_basic, zin_statuary, minmay_misc_feat_enclosed,
          kennysheep_generic_room_4

Skill      XL: |  1  2  3  4 |
---------------+-------------+-----
Translocations | 1 2 |  2.1
Dodging        | 2 |  2.6
Armour         | 1 |  1.6
Conjurations   | 2 |  2.1
Summonings     | 2 |  2.1
Stealth        | |  1.7
Spellcasting   | |  3.5
Air Magic      | |  0.1
Poison Magic   | |  0.3

Action                   |  1- 3 |  4- 6 || total
-------------------------+-------+-------++-------
Melee: Dagger            |    28 |    17 ||    45
       Punch             |     1 |       ||     1
       Tailslap          |     1 |     1 ||     2
 Cast: Magic Dart        |    94 |   102 ||   196
       Blink             |       |     3 ||     3
       Mephitic Cloud    |       |     2 ||     2
  Use: Scroll            |       |     6 ||     6
       Potion            |       |     1 ||     1
Armor: Robe              |     7 |     7 ||    14
Dodge: Dodged            |    29 |    25 ||    54
